Predators vs Avalanche

Created - 15 novembre 2020 at 20:11

Goals
1 2 3 T
Predators 0 0 4 4
Avalanche 1 4 1 6
Shots
1 2 3 T
Predators 5 9 12 26
Avalanche 9 9 18 36

1st period

1. Avalanche , Ryan Strome 4 (Shayne Gostisbehere 4, Brad Richardson 6) at 9:27 (PP)

Penalties :
J.T. Miller (NSH) for Hooking (Minor) at 8:18, Roman Josi (NSH) for Hooking (Minor) at 10:07, J.T. Miller (NSH) for Roughing (Minor) at 16:20

2nd period

2. Avalanche , Shayne Gostisbehere 1 (Brad Richardson 7) at 10:24 (PP)
3. Avalanche , Noah Juulsen 3 (Miles Wood 3, Andrew Mangiapane 2) at 10:39
4. Avalanche , Andrew Mangiapane 2 (Miles Wood 4, Jake McCabe 4) at 13:50
5. Avalanche , Casey Cizikas 2 (Shayne Gostisbehere 5, Andrew Mangiapane 3) at 16:30

Penalties :
Ryan Dzingel (COL) for Hooking (Minor) at 0:58, Oscar Klefbom (NSH) for Hooking (Minor) at 0:58, Alex Tuch (NSH) for Hooking (Minor) at 5:30, Oliver Ekman-Larsson (NSH) for Charging (Minor) at 9:00

3rd period

6. Predators , Roman Josi 2 (Oliver Ekman-Larsson 10, Kyle Connor 3) at 1:10 (PP)
7. Avalanche , Brad Richardson 2 (Ryan Strome 3, Dominik Kubalik 2) at 2:51 (PP)
8. Predators , Alex Tuch 1 (J.T. Miller 7, Shea Theodore 5) at 6:21
9. Predators , Oliver Ekman-Larsson 3 (Roman Josi 6, Colton Sissons 3) at 9:56 (PP)
10. Predators , Oscar Klefbom 3 (J.T. Miller 8, Oliver Ekman-Larsson 11) at 10:49

Penalties :
Chris Tanev (COL) for Hooking (Minor) at 0:52, Nikita Zadorov (NSH) for Hooking (Minor) at 1:21, Max Pacioretty (NSH) for Interference (Minor) at 3:27, Noah Juulsen (COL) for Hooking (Minor) at 9:40, Henri Jokiharju (COL) for Cross-checking (Minor) at 11:19, Kyle Connor (NSH) for Roughing (Minor) at 11:19, Tyler Pitlick (NSH) for Hooking (Minor) at 13:34, Shayne Gostisbehere (COL) for Tripping (Minor) at 16:37, Lias Andersson (NSH) for Hooking (Minor) at 19:32

Goalie Stats

Thomas Greiss (NSH), 11 saves from 15 shots - (0,733), 33:50 minutes
Jonathan Bernier (NSH), 19 saves from 21 shots - (0,905), L, 1-4-1, 26:10 minutes
Alexandar Georgiev (COL), 22 saves from 26 shots - (0,846), W, 1-1-0, 60:00 minutes

Players Stats for Predators

Player Name              G  A  P  +/- PIM S  H  SB GA TA FO     MP     PP MP  PK MP  
------------------------------------------------------------------------------------
Alex Tuch                1  0  1   1  2   1  0  0  0  0  1/2    14:27   0:00   0:57 
Colton Sissons           0  1  1   0  0   0  1  0  0  0  4/7    15:35   1:22   4:48 
Evgeny Kuznetsov         0  0  0  -1  0   1  0  0  0  0  12/19  14:06   1:00   0:00 
J.T. Compher             0  0  0   0  0   4  0  0  0  0  16/31  18:28   0:22   9:11 
J.T. Miller              0  2  2   1  4   6  2  0  0  0  16/24  18:16   1:11   1:20 
Jesperi Kotkaniemi       0  0  0  -1  0   0  0  0  0  0  4/7     4:44   0:00   0:00 
Kyle Connor              0  1  1  -1  2   4  0  0  0  0  2/4    15:45   1:11   0:00 
Lias Andersson           0  0  0   0  2   0  1  0  0  0  0/0    13:17   0:00   4:23 
Mathieu Perreault        0  0  0  -1  0   1  0  0  0  0  0/0     4:55   0:00   0:11 
Max Pacioretty           0  0  0   1  2   0  1  0  0  0  0/2    13:55   1:22   0:00 
Nikita Zadorov           0  0  0   0  2   0  1  0  0  0  0/0    13:37   0:00   1:03 
Oliver Ekman-Larsson     1  2  3   0  2   2  3  1  0  0  0/0    23:01   1:40   6:27 
Oscar Klefbom            1  0  1   0  2   2  1  2  0  0  0/0    20:10   0:53   6:40 
Roman Josi               1  1  2  -1  2   2  2  3  0  0  0/0    24:48   1:40   6:34 
Shea Theodore            0  1  1   0  0   1  0  0  0  0  0/0    12:35   0:00   0:00 
Steven Stamkos           0  0  0  -1  0   1  1  0  0  0  1/1    15:19   1:11   0:00 
Thomas Chabot            0  0  0  -1  0   1  3  4  0  0  0/0    25:45   0:53   8:06 
Tyler Pitlick            0  0  0  -1  2   0  2  1  0  0  0/0    12:43   0:00   8:00 

Players Stats for Avalanche

Player Name              G  A  P  +/- PIM S  H  SB GA TA FO     MP     PP MP  PK MP  
------------------------------------------------------------------------------------
Adam Fox                 0  0  0   0  0   0  0  1  0  0  0/0     7:08   2:37   0:00 
Andreas Athanasiou       0  0  0  -1  0   3  1  0  0  0  0/0    10:21   0:00   0:00 
Andrew Mangiapane        1  2  3   3  0   1  0  0  0  0  0/0     9:18   0:00   0:00 
Brad Richardson          1  2  3   0  0   5  1  1  0  0  6/13   16:35   7:12   0:30 
Casey Cizikas            1  0  1   3  0   4  1  0  0  0  7/13   11:00   0:00   1:42 
Chris Tanev              0  0  0   1  2   0  0  1  0  0  0/0    27:43   7:20   1:09 
Dominik Kubalik          0  1  1  -1  0   2  1  0  0  0  0/1    17:54   7:12   0:21 
Dylan Strome             0  0  0  -1  0   3  0  0  0  0  10/25  20:23   7:13   0:00 
Henri Jokiharju          0  0  0  -1  2   0  0  0  0  0  0/0    20:13   3:38   0:38 
Jake McCabe              0  1  1   0  0   1  2  0  0  0  0/0    23:26   7:23   1:34 
Joakim Nordstrom         0  0  0   0  0   0  0  0  0  0  0/1     7:44   0:00   0:00 
Miles Wood               0  2  2   3  0   2  0  0  0  0  0/2    16:17   7:13   0:00 
Nicolas Roy              0  0  0   0  0   1  1  0  0  0  2/3     8:23   0:00   0:39 
Noah Juulsen             1  0  1   1  2   1  3  0  0  0  0/0    16:07   0:50   1:29 
Robby Fabbri             0  0  0  -1  0   3  3  0  0  0  0/1    20:33   7:13   0:30 
Ryan Dzingel             0  0  0  -1  2   0  3  0  0  0  0/0    11:54   0:00   0:00 
Ryan Strome              1  1  2  -1  0   5  3  0  0  0  16/38  23:06   7:12   1:24 
Shayne Gostisbehere      1  2  3   1  2   5  1  0  0  0  0/0    25:19   7:02   0:16 

3 Stars

1 - Andrew Mangiapane (COL)
2 - Brad Richardson (COL)
3 - Shayne Gostisbehere (COL)

Power Play

Predators - 2 on 3 Attempt(s) - 66,67%
Avalanche - 3 on 9 Attempt(s) - 33,33%

Penalty Kill

Predators - 6 on 9 Attempt(s) - 66,67% - Score 0 goal in Penalty Kill
Avalanche - 1 on 3 Attempt(s) - 33,33% - Score 0 goal in Penalty Kill

Team Stat

Predators - Hits : 18 - Faceoff Wins : 56 - Blocked Shots : 11 - Penalty Minutes : 22
Avalanche - Hits : 20 - Faceoff Wins : 41 - Blocked Shots : 3 - Penalty Minutes : 10

Official

Referees : Brett Roeland and Jim Curtin
Linesman : Ryan Daisy and Jim Harper

Game Notes

Adam Fox is injured at 1:25 of 2nd period (Bruised Left Shoulder)
Jonathan Bernier enters game at 13:50 of 2nd period

Finance

Level 1 -- Attendance: 6500 (100,00%) -- Ticket Income 663 000 $
Level 2 -- Attendance: 5000 (100,00%) -- Ticket Income 375 000 $
Level 3 -- Attendance: 3476 (99,31%) -- Ticket Income 191 180 $
Level 4 -- Attendance: 2007 (100,00%) -- Ticket Income 90 315 $
Luxury Box -- Attendance: 1000 (100,00%) -- Ticket Income 200 000 $
Game was played at the Pepsi Center.
Total Attendance: 17983 (99,87%)
Total Ticket Income: 1 519 495 $
Other Income: 744 553 $
Total Income: 2 264 048 $

% Time on Ice - Predators

Lines # - Real PCT - Wanted PCT - Time Play
Normal Forward
1 - 33% - 31% - 12:51
2 - 32% - 31% - 12:34
3 - 23% - 25% - 8:55
4 - 12% - 13% - 4:44
Normal Defense
1 - 40% - 40% - 15:32
2 - 30% - 30% - 11:34
3 - 28% - 20% - 10:55
4 - 3% - 10% - 1:03
PP Forward
1 - 46% - 60% - 1:11
2 - 54% - 40% - 1:22
PP Defense
1 - 65% - 60% - 1:40
2 - 35% - 40% - 0:53
PK Forward
1 - 69% - 60% - 9:57
2 - 31% - 40% - 4:28
PK Defense
1 - 56% - 60% - 8:01
2 - 44% - 40% - 6:24
PK3 Forward
1 - 0% - 60%
2 - 0% - 40%
PK3 Defense
1 - 0% - 60%
2 - 0% - 40%
44 Forward
1 - 94% - 60% - 3:43
2 - 6% - 40% - 0:15
44 Defense
1 - 58% - 60% - 2:18
2 - 42% - 40% - 1:40
Last Minute Offensive  - 0:00
Last Minute Defensive  - 0:00
Total
Forward - 60:00
Defense - 60:00

% Time on Ice - Avalanche

Lines # - Real PCT - Wanted PCT - Time Play
Normal Forward
1 - 30% - 35% - 11:41
2 - 26% - 30% - 10:21
3 - 24% - 20% - 9:18
4 - 20% - 15% - 7:44
Normal Defense
1 - 36% - 40% - 14:09
2 - 33% - 30% - 12:59
3 - 27% - 20% - 10:31
4 - 4% - 10% - 1:25
PP Forward
1 - 50% - 60% - 7:12
2 - 50% - 40% - 7:13
PP Defense
1 - 47% - 60% - 6:50
2 - 53% - 40% - 7:35
PK Forward
1 - 80% - 60% - 2:03
2 - 20% - 40% - 0:30
PK Defense
1 - 50% - 60% - 1:17
2 - 50% - 40% - 1:16
PK3 Forward
1 - 0% - 60%
2 - 0% - 40%
PK3 Defense
1 - 0% - 60%
2 - 0% - 40%
44 Forward
1 - 71% - 60% - 2:49
2 - 29% - 40% - 1:09
44 Defense
1 - 53% - 60% - 2:05
2 - 47% - 40% - 1:53
Last Minute Offensive  - 0:00
Last Minute Defensive  - 0:00
Total
Forward - 60:00
Defense - 60:00

Play-by-Play

1st period


0:01 of 1st period - Evgeny Kuznetsov wins face-off versus Ryan Strome in neutral zone.
0:01 of 1st period - Steven Stamkos is hit by Ryan Strome and loses puck.
1:13 of 1st period - Shot by Andreas Athanasiou.
1:13 of 1st period - Shot Misses the Net.
1:21 of 1st period - Adam Fox is hit by Max Pacioretty and loses puck.
1:38 of 1st period - Shot by J.T. Miller.
1:38 of 1st period - Stopped by Alexandar Georgiev without a rebound.
1:39 of 1st period - Casey Cizikas wins face-off versus J.T. Compher in Avalanche zone.
2:48 of 1st period - Brad Richardson is hit by Tyler Pitlick and loses puck.
4:53 of 1st period - Shot by Dominik Kubalik.
4:53 of 1st period - Stopped by Thomas Greiss without a rebound.
4:54 of 1st period - Casey Cizikas wins face-off versus Evgeny Kuznetsov in Predators zone.
5:01 of 1st period - Shot by Miles Wood.
5:01 of 1st period - Shot Misses the Net.
5:19 of 1st period - Shot by Kyle Connor.
5:19 of 1st period - Shot Misses the Net.
5:21 of 1st period - Shot by Steven Stamkos.
5:21 of 1st period - Shot Misses the Net.
5:23 of 1st period - Shot by Roman Josi.
5:23 of 1st period - Shot Misses the Net.
5:25 of 1st period - Shot by Steven Stamkos.
5:25 of 1st period - Shot Misses the Net.
5:36 of 1st period - Thomas Chabot is hit by Noah Juulsen and loses puck.
5:44 of 1st period - Icing by Henri Jokiharju.
5:45 of 1st period - J.T. Compher wins face-off versus Casey Cizikas in Avalanche zone.
6:08 of 1st period - Shot by J.T. Compher.
6:08 of 1st period - Stopped by Alexandar Georgiev without a rebound.
6:09 of 1st period - Jesperi Kotkaniemi wins face-off versus Dylan Strome in Avalanche zone.
6:33 of 1st period - Shot by Andreas Athanasiou.
6:33 of 1st period - Shot Misses the Net.
6:39 of 1st period - Shot by Andreas Athanasiou.
6:39 of 1st period - Shot Misses the Net.
7:05 of 1st period - Thomas Chabot is hit by Jake McCabe and loses puck.
7:41 of 1st period - Shot by Robby Fabbri.
7:41 of 1st period - Stopped by Thomas Greiss without a rebound.
7:42 of 1st period - Nicolas Roy wins face-off versus J.T. Compher in Predators zone.
7:42 of 1st period - Nicolas Roy is hit by Oliver Ekman-Larsson.
8:13 of 1st period - Icing by Shayne Gostisbehere.
8:14 of 1st period - Alex Tuch wins face-off versus Brad Richardson in Avalanche zone.
8:15 of 1st period - Shot by Max Pacioretty.
8:15 of 1st period - Shot Misses the Net.
8:18 of 1st period - Minor Penalty to J.T. Miller for Hooking.
8:19 of 1st period - Dylan Strome wins face-off versus J.T. Compher in Predators zone.
8:20 of 1st period - Shot by Adam Fox.
8:20 of 1st period - Shot Misses the Net.
8:30 of 1st period - Shot by Dylan Strome.
8:30 of 1st period - Shot Hit the Post.
9:27 of 1st period - Shot by Ryan Strome.
9:27 of 1st period - Goal by Ryan Strome - Predators : 0 - Avalanche : 1.
9:28 of 1st period - Steven Stamkos wins face-off versus Brad Richardson in neutral zone.
9:33 of 1st period - Shot by Kyle Connor.
9:33 of 1st period - Stopped by Alexandar Georgiev with a rebound.
9:35 of 1st period - Shot by Steven Stamkos.
9:35 of 1st period - Shot Misses the Net.
9:40 of 1st period - Icing by Nicolas Roy.
9:41 of 1st period - J.T. Miller wins face-off versus Brad Richardson in Avalanche zone.
9:58 of 1st period - Shot by Nicolas Roy.
9:58 of 1st period - Stopped by Thomas Greiss with a rebound.
10:07 of 1st period - Minor Penalty to Roman Josi for Hooking.
10:08 of 1st period - Dylan Strome wins face-off versus J.T. Compher in Predators zone.
10:27 of 1st period - Shot by Chris Tanev.
10:27 of 1st period - Shot Blocked by Thomas Chabot.
10:29 of 1st period - Shot by Chris Tanev.
10:29 of 1st period - Shot Misses the Net.
10:37 of 1st period - Shot by Dylan Strome.
10:37 of 1st period - Shot Misses the Net.
10:39 of 1st period - Shot by Miles Wood.
10:39 of 1st period - Stopped by Thomas Greiss without a rebound.
10:40 of 1st period - Colton Sissons wins face-off versus Ryan Strome in Predators zone.
11:11 of 1st period - Shot by Brad Richardson.
11:11 of 1st period - Stopped by Thomas Greiss with a rebound.
11:14 of 1st period - Ryan Strome is hit by Oliver Ekman-Larsson and loses puck.
11:39 of 1st period - Shot by Shayne Gostisbehere.
11:39 of 1st period - Shot Misses the Net.
11:41 of 1st period - Shot by Miles Wood.
11:41 of 1st period - Stopped by Thomas Greiss without a rebound.
11:42 of 1st period - Ryan Strome wins face-off versus J.T. Compher in Predators zone.
11:43 of 1st period - Shot by Shayne Gostisbehere.
11:43 of 1st period - Shot Misses the Net.
11:45 of 1st period - Shot by Brad Richardson.
11:45 of 1st period - Shot Misses the Net.
12:19 of 1st period - Steven Stamkos is hit by Casey Cizikas and loses puck.
12:28 of 1st period - Shot by Evgeny Kuznetsov.
12:28 of 1st period - Deflect By Kyle Connor.
12:28 of 1st period - Stopped by Alexandar Georgiev without a rebound.
12:29 of 1st period - J.T. Miller wins face-off versus Ryan Strome in Avalanche zone.
12:54 of 1st period - Icing by Alex Tuch.
12:55 of 1st period - J.T. Miller wins face-off versus Dylan Strome in Predators zone.
12:55 of 1st period - J.T. Miller is hit by Dominik Kubalik.
13:48 of 1st period - Icing by Dylan Strome.
13:49 of 1st period - J.T. Compher wins face-off versus Dylan Strome in Avalanche zone.
13:55 of 1st period - Icing by Noah Juulsen.
13:56 of 1st period - Dylan Strome wins face-off versus J.T. Compher in Avalanche zone.
15:23 of 1st period - Shot by Miles Wood.
15:23 of 1st period - Shot Blocked by Roman Josi.
15:26 of 1st period - Icing by Roman Josi.
15:27 of 1st period - Nicolas Roy wins face-off versus Kyle Connor in Predators zone.
15:51 of 1st period - Chris Tanev is hit by Thomas Chabot and loses puck.
15:54 of 1st period - Shot by Brad Richardson.
15:54 of 1st period - Shot Misses the Net.
16:20 of 1st period - Minor Penalty to J.T. Miller for Roughing.
16:21 of 1st period - J.T. Compher wins face-off versus Dylan Strome in Predators zone.
16:27 of 1st period - Icing by Dylan Strome.
16:28 of 1st period - J.T. Compher wins face-off versus Dylan Strome in Avalanche zone.
16:43 of 1st period - Shot by Adam Fox.
16:43 of 1st period - Shot Blocked by Tyler Pitlick.
17:24 of 1st period - Off-side.
17:25 of 1st period - Ryan Strome wins face-off versus Colton Sissons in neutral zone.
17:42 of 1st period - Shot by Shayne Gostisbehere.
17:42 of 1st period - Shot Misses the Net.
17:44 of 1st period - Shot by Brad Richardson.
17:44 of 1st period - Stopped by Thomas Greiss without a rebound.
17:45 of 1st period - Colton Sissons wins face-off versus Ryan Strome in Predators zone.
18:02 of 1st period - Off-side.
18:03 of 1st period - J.T. Compher wins face-off versus Dominik Kubalik in neutral zone.
19:26 of 1st period - Shot by Kyle Connor.
19:26 of 1st period - Stopped by Alexandar Georgiev without a rebound.
19:27 of 1st period - Dylan Strome wins face-off versus J.T. Compher in Avalanche zone.
19:44 of 1st period - Shot by Dylan Strome.
19:44 of 1st period - Shot Misses the Net.
19:46 of 1st period - Shot by Andreas Athanasiou.
19:46 of 1st period - Stopped by Thomas Greiss with a rebound.
Goals for this period are 0 for Predators vs 1 for Avalanche.
Shots for this period are 5 for Predators vs 9 for Avalanche.

2nd period


0:01 of 2nd period - Kyle Connor wins face-off versus Ryan Strome in neutral zone.
0:01 of 2nd period - Oscar Klefbom is hit by Robby Fabbri.
0:15 of 2nd period - Shot by Kyle Connor.
0:15 of 2nd period - Shot Misses the Net.
0:20 of 2nd period - Off-side.
0:21 of 2nd period - J.T. Miller wins face-off versus Dylan Strome in neutral zone.
0:28 of 2nd period - Jake McCabe is hit by J.T. Miller and loses puck.
0:33 of 2nd period - Shot by J.T. Miller.
0:33 of 2nd period - Stopped by Alexandar Georgiev without a rebound.
0:34 of 2nd period - J.T. Compher wins face-off versus Ryan Strome in Avalanche zone.
0:39 of 2nd period - Shot by J.T. Compher.
0:39 of 2nd period - Shot Misses the Net.
0:58 of 2nd period - Minor Penalty to Ryan Dzingel for Hooking.
0:58 of 2nd period - Minor Penalty to Oscar Klefbom for Hooking.
0:59 of 2nd period - J.T. Miller wins face-off versus Ryan Strome in Predators zone.
0:59 of 2nd period - J.T. Miller is hit by Ryan Strome.
1:25 of 2nd period - Shot by Shea Theodore.
1:25 of 2nd period - Shot Blocked by Adam Fox.
1:25 of 2nd period - Adam Fox from Avalanche is injured at 1:25 of 2nd period (Bruised Left Shoulder).
1:26 of 2nd period - J.T. Miller wins face-off versus Ryan Strome in Avalanche zone.
1:30 of 2nd period - Icing by Chris Tanev.
1:31 of 2nd period - J.T. Miller wins face-off versus Ryan Strome in Avalanche zone.
1:50 of 2nd period - Shot by J.T. Miller.
1:50 of 2nd period - Shot Blocked by Chris Tanev.
1:53 of 2nd period - Icing by Shayne Gostisbehere.
1:54 of 2nd period - Ryan Strome wins face-off versus J.T. Miller in Avalanche zone.
1:56 of 2nd period - Icing by Chris Tanev.
1:57 of 2nd period - Ryan Strome wins face-off versus J.T. Miller in Avalanche zone.
3:07 of 2nd period - Icing by Roman Josi.
3:08 of 2nd period - J.T. Compher wins face-off versus Miles Wood in Predators zone.
3:47 of 2nd period - Icing by Roman Josi.
3:48 of 2nd period - Dylan Strome wins face-off versus J.T. Compher in Predators zone.
3:53 of 2nd period - Shot by Andreas Athanasiou.
3:53 of 2nd period - Shot Misses the Net.
4:47 of 2nd period - Shot by Robby Fabbri.
4:47 of 2nd period - Stopped by Thomas Greiss without a rebound.
4:48 of 2nd period - J.T. Miller wins face-off versus Joakim Nordstrom in Predators zone.
4:48 of 2nd period - J.T. Miller is hit by Brad Richardson.
5:18 of 2nd period - Shot by Brad Richardson.
5:18 of 2nd period - Stopped by Thomas Greiss with a rebound.
5:21 of 2nd period - Icing by Shea Theodore.
5:22 of 2nd period - J.T. Miller wins face-off versus Robby Fabbri in Predators zone.
5:30 of 2nd period - Minor Penalty to Alex Tuch for Hooking.
5:31 of 2nd period - Dylan Strome wins face-off versus J.T. Compher in Predators zone.
5:36 of 2nd period - Shot by Jake McCabe.
5:36 of 2nd period - Shot Misses the Net.
5:54 of 2nd period - Thomas Chabot is hit by Robby Fabbri and loses puck.
7:31 of 2nd period - Icing by Thomas Chabot.
7:32 of 2nd period - Brad Richardson wins face-off versus Evgeny Kuznetsov in Predators zone.
7:49 of 2nd period - Shot by Evgeny Kuznetsov.
7:49 of 2nd period - Shot Blocked by Brad Richardson.
7:51 of 2nd period - Shot by Shea Theodore.
7:51 of 2nd period - Stopped by Alexandar Georgiev without a rebound.
7:52 of 2nd period - Ryan Strome wins face-off versus Alex Tuch in Avalanche zone.
8:10 of 2nd period - Shot by Ryan Strome.
8:10 of 2nd period - Stopped by Thomas Greiss with a rebound.
8:42 of 2nd period - Dylan Strome is hit by Steven Stamkos and loses puck.
8:47 of 2nd period - Oliver Ekman-Larsson is hit by Andreas Athanasiou.
8:48 of 2nd period - Icing by Oliver Ekman-Larsson.
8:49 of 2nd period - Casey Cizikas wins face-off versus Evgeny Kuznetsov in Predators zone.
8:49 of 2nd period - Casey Cizikas is hit by Oliver Ekman-Larsson.
8:55 of 2nd period - Shot by Andrew Mangiapane.
8:55 of 2nd period - Shot Blocked by Oliver Ekman-Larsson.
9:00 of 2nd period - Minor Penalty to Oliver Ekman-Larsson for Charging.
9:01 of 2nd period - Ryan Strome wins face-off versus J.T. Compher in Predators zone.
10:00 of 2nd period - Shot by Jake McCabe.
10:00 of 2nd period - Shot Blocked by Thomas Chabot.
10:02 of 2nd period - Shot by Robby Fabbri.
10:02 of 2nd period - Shot Misses the Net.
10:04 of 2nd period - Shot by Henri Jokiharju.
10:04 of 2nd period - Shot Blocked by Thomas Chabot.
10:24 of 2nd period - Shot by Shayne Gostisbehere.
10:24 of 2nd period - Goal by Shayne Gostisbehere - Predators : 0 - Avalanche : 2.
10:25 of 2nd period - Evgeny Kuznetsov wins face-off versus Casey Cizikas in neutral zone.
10:27 of 2nd period - Off-side.
10:28 of 2nd period - Casey Cizikas wins face-off versus Evgeny Kuznetsov in neutral zone.
10:37 of 2nd period - Shot by Miles Wood.
10:37 of 2nd period - Shot Misses the Net.
10:39 of 2nd period - Shot by Noah Juulsen.
10:39 of 2nd period - Goal by Noah Juulsen - Predators : 0 - Avalanche : 3.
10:40 of 2nd period - J.T. Miller wins face-off versus Brad Richardson in neutral zone.
10:43 of 2nd period - Brad Richardson is hit by J.T. Miller and loses puck.
11:33 of 2nd period - Icing by Joakim Nordstrom.
11:34 of 2nd period - Evgeny Kuznetsov wins face-off versus Brad Richardson in Avalanche zone.
11:56 of 2nd period - Icing by Evgeny Kuznetsov.
11:57 of 2nd period - Evgeny Kuznetsov wins face-off versus Ryan Strome in Predators zone.
12:17 of 2nd period - Shot by Ryan Strome.
12:17 of 2nd period - Shot Blocked by Oscar Klefbom.
12:22 of 2nd period - Oscar Klefbom is hit by Ryan Dzingel and loses puck.
12:36 of 2nd period - Thomas Chabot is hit by Ryan Dzingel and loses puck.
12:43 of 2nd period - Ryan Strome is hit by Lias Andersson and loses puck.
12:57 of 2nd period - Lias Andersson is hit by Jake McCabe and loses puck.
13:00 of 2nd period - Shot by J.T. Compher.
13:00 of 2nd period - Shot Misses the Net.
13:02 of 2nd period - Shot by J.T. Compher.
13:02 of 2nd period - Stopped by Alexandar Georgiev without a rebound.
13:03 of 2nd period - J.T. Miller wins face-off versus Dylan Strome in Avalanche zone.
13:11 of 2nd period - Andreas Athanasiou is hit by Nikita Zadorov and loses puck.
13:24 of 2nd period - Shot by J.T. Miller.
13:24 of 2nd period - Stopped by Alexandar Georgiev with a rebound.
13:32 of 2nd period - Shot by J.T. Miller.
13:32 of 2nd period - Stopped by Alexandar Georgiev without a rebound.
13:33 of 2nd period - Jesperi Kotkaniemi wins face-off versus Casey Cizikas in Avalanche zone.
13:48 of 2nd period - Shot by Miles Wood.
13:48 of 2nd period - Shot Misses the Net.
13:50 of 2nd period - Shot by Andrew Mangiapane.
13:50 of 2nd period - Goal by Andrew Mangiapane - Predators : 0 - Avalanche : 4.
13:50 of 2nd period - Jonathan Bernier enters game.
13:51 of 2nd period - Evgeny Kuznetsov wins face-off versus Brad Richardson in neutral zone.
13:51 of 2nd period - Steven Stamkos is hit by Nicolas Roy and loses puck.
13:58 of 2nd period - Shot by Steven Stamkos.
13:58 of 2nd period - Shot Misses the Net.
14:10 of 2nd period - Shot by Steven Stamkos.
14:10 of 2nd period - Stopped by Alexandar Georgiev without a rebound.
14:11 of 2nd period - J.T. Miller wins face-off versus Dylan Strome in Avalanche zone.
14:38 of 2nd period - Shot by Dylan Strome.
14:38 of 2nd period - Shot Misses the Net.
14:40 of 2nd period - Shot by Dylan Strome.
14:40 of 2nd period - Shot Misses the Net.
14:44 of 2nd period - Shot by Andreas Athanasiou.
14:44 of 2nd period - Deflect By Dylan Strome.
14:44 of 2nd period - Stopped by Jonathan Bernier without a rebound.
14:45 of 2nd period - Ryan Strome wins face-off versus Evgeny Kuznetsov in Predators zone.
15:14 of 2nd period - Shot by Ryan Dzingel.
15:14 of 2nd period - Shot Blocked by Oscar Klefbom.
15:47 of 2nd period - Icing by Roman Josi.
15:48 of 2nd period - J.T. Compher wins face-off versus Dylan Strome in Predators zone.
15:58 of 2nd period - Shot by Andreas Athanasiou.
15:58 of 2nd period - Shot Misses the Net.
16:11 of 2nd period - Shot by Colton Sissons.
16:11 of 2nd period - Shot Misses the Net.
16:13 of 2nd period - Shot by Thomas Chabot.
16:13 of 2nd period - Deflect By J.T. Compher.
16:13 of 2nd period - Stopped by Alexandar Georgiev without a rebound.
16:14 of 2nd period - Casey Cizikas wins face-off versus J.T. Miller in Avalanche zone.
16:28 of 2nd period - Shot by Casey Cizikas.
16:28 of 2nd period - Shot Misses the Net.
16:30 of 2nd period - Shot by Casey Cizikas.
16:30 of 2nd period - Goal by Casey Cizikas - Predators : 0 - Avalanche : 5.
16:31 of 2nd period - Jesperi Kotkaniemi wins face-off versus Ryan Strome in neutral zone.
16:43 of 2nd period - Shot by Thomas Chabot.
16:43 of 2nd period - Stopped by Alexandar Georgiev without a rebound.
16:44 of 2nd period - Evgeny Kuznetsov wins face-off versus Dylan Strome in Avalanche zone.
16:59 of 2nd period - Shot by Kyle Connor.
16:59 of 2nd period - Stopped by Alexandar Georgiev without a rebound.
17:00 of 2nd period - Ryan Strome wins face-off versus Max Pacioretty in Avalanche zone.
17:46 of 2nd period - Thomas Chabot is hit by Ryan Dzingel and loses puck.
18:05 of 2nd period - Shot by Steven Stamkos.
18:05 of 2nd period - Deflect By Kyle Connor.
18:05 of 2nd period - Shot Misses the Net.
19:24 of 2nd period - Shot by Casey Cizikas.
19:24 of 2nd period - Stopped by Jonathan Bernier without a rebound.
19:25 of 2nd period - Brad Richardson wins face-off versus Jesperi Kotkaniemi in Predators zone.
19:38 of 2nd period - Shot by Mathieu Perreault.
19:38 of 2nd period - Shot Misses the Net.
19:48 of 2nd period - Off-side.
19:49 of 2nd period - Ryan Strome wins face-off versus J.T. Compher in neutral zone.
19:51 of 2nd period - Chris Tanev is hit by Thomas Chabot and loses puck.
19:55 of 2nd period - Icing by Thomas Chabot.
19:56 of 2nd period - Ryan Strome wins face-off versus J.T. Compher in Predators zone.
Goals for this period are 0 for Predators vs 4 for Avalanche.
Shots for this period are 9 for Predators vs 9 for Avalanche.

3rd period


0:01 of 3rd period - Ryan Strome wins face-off versus J.T. Compher in neutral zone.
0:52 of 3rd period - Minor Penalty to Chris Tanev for Hooking.
0:53 of 3rd period - Kyle Connor wins face-off versus Nicolas Roy in Avalanche zone.
1:10 of 3rd period - Shot by Roman Josi.
1:10 of 3rd period - Goal by Roman Josi - Predators : 1 - Avalanche : 5.
1:11 of 3rd period - Dylan Strome wins face-off versus Jesperi Kotkaniemi in neutral zone.
1:21 of 3rd period - Minor Penalty to Nikita Zadorov for Hooking.
1:22 of 3rd period - J.T. Compher wins face-off versus Ryan Strome in Predators zone.
1:44 of 3rd period - Shot by Dominik Kubalik.
1:44 of 3rd period - Stopped by Jonathan Bernier without a rebound.
1:45 of 3rd period - Dylan Strome wins face-off versus Colton Sissons in Predators zone.
1:45 of 3rd period - Dylan Strome is hit by Oscar Klefbom.
1:47 of 3rd period - Shot by Shayne Gostisbehere.
1:47 of 3rd period - Shot Blocked by Thomas Chabot.
1:49 of 3rd period - Shot by Shayne Gostisbehere.
1:49 of 3rd period - Stopped by Jonathan Bernier without a rebound.
1:50 of 3rd period - J.T. Compher wins face-off versus Dylan Strome in Predators zone.
2:24 of 3rd period - Shot by Shayne Gostisbehere.
2:24 of 3rd period - Stopped by Jonathan Bernier without a rebound.
2:25 of 3rd period - Ryan Strome wins face-off versus Colton Sissons in Predators zone.
2:36 of 3rd period - Ryan Strome is hit by Thomas Chabot and loses puck.
2:49 of 3rd period - Shot by Brad Richardson.
2:49 of 3rd period - Stopped by Jonathan Bernier with a rebound.
2:51 of 3rd period - Shot by Brad Richardson.
2:51 of 3rd period - Goal by Brad Richardson - Predators : 1 - Avalanche : 6.
2:52 of 3rd period - J.T. Miller wins face-off versus Casey Cizikas in neutral zone.
3:01 of 3rd period - Chris Tanev is hit by Roman Josi and loses puck.
3:27 of 3rd period - Minor Penalty to Max Pacioretty for Interference.
3:28 of 3rd period - J.T. Compher wins face-off versus Ryan Strome in Predators zone.
4:16 of 3rd period - Off-side.
4:17 of 3rd period - Colton Sissons wins face-off versus Dylan Strome in neutral zone.
4:51 of 3rd period - Shot by Miles Wood.
4:51 of 3rd period - Shot Misses the Net.
5:12 of 3rd period - Oscar Klefbom is hit by Ryan Strome.
5:40 of 3rd period - Shot by Casey Cizikas.
5:40 of 3rd period - Stopped by Jonathan Bernier without a rebound.
5:41 of 3rd period - J.T. Miller wins face-off versus Casey Cizikas in Predators zone.
5:45 of 3rd period - Icing by Alex Tuch.
5:46 of 3rd period - Ryan Strome wins face-off versus J.T. Miller in Predators zone.
6:06 of 3rd period - J.T. Miller is hit by Noah Juulsen and loses puck.
6:10 of 3rd period - J.T. Miller is hit by Noah Juulsen and loses puck.
6:19 of 3rd period - Shot by J.T. Miller.
6:19 of 3rd period - Stopped by Alexandar Georgiev with a rebound.
6:21 of 3rd period - Shot by Alex Tuch.
6:21 of 3rd period - Goal by Alex Tuch - Predators : 2 - Avalanche : 6.
6:22 of 3rd period - Evgeny Kuznetsov wins face-off versus Miles Wood in neutral zone.
6:55 of 3rd period - Shot by Miles Wood.
6:55 of 3rd period - Shot Misses the Net.
7:22 of 3rd period - Shot by Andreas Athanasiou.
7:22 of 3rd period - Stopped by Jonathan Bernier without a rebound.
7:23 of 3rd period - Brad Richardson wins face-off versus J.T. Compher in Predators zone.
7:39 of 3rd period - Icing by Jake McCabe.
7:40 of 3rd period - Brad Richardson wins face-off versus Max Pacioretty in Avalanche zone.
8:42 of 3rd period - Shot by Ryan Strome.
8:42 of 3rd period - Stopped by Jonathan Bernier without a rebound.
8:43 of 3rd period - Dylan Strome wins face-off versus J.T. Compher in Predators zone.
8:43 of 3rd period - Dylan Strome is hit by Roman Josi.
9:03 of 3rd period - Shot by J.T. Compher.
9:03 of 3rd period - Stopped by Alexandar Georgiev without a rebound.
9:04 of 3rd period - Evgeny Kuznetsov wins face-off versus Casey Cizikas in Avalanche zone.
9:40 of 3rd period - Minor Penalty to Noah Juulsen for Hooking.
9:41 of 3rd period - Evgeny Kuznetsov wins face-off versus Ryan Strome in Avalanche zone.
9:56 of 3rd period - Shot by Oliver Ekman-Larsson.
9:56 of 3rd period - Goal by Oliver Ekman-Larsson - Predators : 3 - Avalanche : 6.
9:57 of 3rd period - Jesperi Kotkaniemi wins face-off versus Dylan Strome in neutral zone.
9:59 of 3rd period - Off-side.
10:00 of 3rd period - J.T. Compher wins face-off versus Ryan Strome in neutral zone.
10:00 of 3rd period - Roman Josi is hit by Robby Fabbri and loses puck.
10:29 of 3rd period - Robby Fabbri is hit by Colton Sissons and loses puck.
10:33 of 3rd period - Off-side.
10:34 of 3rd period - Dylan Strome wins face-off versus J.T. Miller in neutral zone.
10:37 of 3rd period - Shot by Dylan Strome.
10:37 of 3rd period - Stopped by Jonathan Bernier with a rebound.
10:45 of 3rd period - Shot by J.T. Miller.
10:45 of 3rd period - Shot Misses the Net.
10:47 of 3rd period - Shot by Oscar Klefbom.
10:47 of 3rd period - Stopped by Alexandar Georgiev with a rebound.
10:49 of 3rd period - Shot by Oscar Klefbom.
10:49 of 3rd period - Goal by Oscar Klefbom - Predators : 4 - Avalanche : 6.
10:50 of 3rd period - Casey Cizikas wins face-off versus Evgeny Kuznetsov in neutral zone.
11:19 of 3rd period - Minor Penalty to Henri Jokiharju for Cross-checking.
11:19 of 3rd period - Minor Penalty to Kyle Connor for Roughing.
11:20 of 3rd period - J.T. Miller wins face-off versus Ryan Strome in Avalanche zone.
11:40 of 3rd period - Shot by Shayne Gostisbehere.
11:40 of 3rd period - Stopped by Jonathan Bernier without a rebound.
11:41 of 3rd period - J.T. Miller wins face-off versus Ryan Strome in Predators zone.
11:51 of 3rd period - Shot by Ryan Strome.
11:51 of 3rd period - Shot Misses the Net.
11:53 of 3rd period - Shot by Jake McCabe.
11:53 of 3rd period - Stopped by Jonathan Bernier with a rebound.
12:11 of 3rd period - Shot by Ryan Strome.
12:11 of 3rd period - Stopped by Jonathan Bernier with a rebound.
12:49 of 3rd period - Shot by Robby Fabbri.
12:49 of 3rd period - Stopped by Jonathan Bernier without a rebound.
12:50 of 3rd period - Colton Sissons wins face-off versus Ryan Strome in Predators zone.
13:05 of 3rd period - Shot by Dylan Strome.
13:05 of 3rd period - Stopped by Jonathan Bernier without a rebound.
13:06 of 3rd period - Ryan Strome wins face-off versus J.T. Miller in Predators zone.
13:11 of 3rd period - Shot by Ryan Strome.
13:11 of 3rd period - Stopped by Jonathan Bernier without a rebound.
13:12 of 3rd period - Ryan Strome wins face-off versus J.T. Miller in Predators zone.
13:34 of 3rd period - Minor Penalty to Tyler Pitlick for Hooking.
13:35 of 3rd period - J.T. Compher wins face-off versus Ryan Strome in Predators zone.
13:39 of 3rd period - Off-side.
13:40 of 3rd period - J.T. Compher wins face-off versus Brad Richardson in neutral zone.
15:25 of 3rd period - Shot by Chris Tanev.
15:25 of 3rd period - Shot Blocked by Roman Josi.
15:27 of 3rd period - Shot by Ryan Strome.
15:27 of 3rd period - Shot Blocked by Roman Josi.
15:33 of 3rd period - Shot by Shayne Gostisbehere.
15:33 of 3rd period - Stopped by Jonathan Bernier without a rebound.
15:34 of 3rd period - Casey Cizikas wins face-off versus Evgeny Kuznetsov in Predators zone.
15:43 of 3rd period - Shot by Evgeny Kuznetsov.
15:43 of 3rd period - Stopped by Alexandar Georgiev without a rebound.
15:44 of 3rd period - Brad Richardson wins face-off versus Jesperi Kotkaniemi in Avalanche zone.
15:44 of 3rd period - Brad Richardson is hit by Tyler Pitlick.
16:04 of 3rd period - Shot by Mathieu Perreault.
16:04 of 3rd period - Stopped by Alexandar Georgiev without a rebound.
16:05 of 3rd period - Evgeny Kuznetsov wins face-off versus Dylan Strome in Avalanche zone.
16:37 of 3rd period - Minor Penalty to Shayne Gostisbehere for Tripping.
16:38 of 3rd period - Evgeny Kuznetsov wins face-off versus Ryan Strome in Avalanche zone.
17:03 of 3rd period - Shot by Roman Josi.
17:03 of 3rd period - Stopped by Alexandar Georgiev with a rebound.
17:05 of 3rd period - Shot by Max Pacioretty.
17:05 of 3rd period - Shot Misses the Net.
17:29 of 3rd period - Shot by J.T. Miller.
17:29 of 3rd period - Shot Misses the Net.
18:22 of 3rd period - Shot by Oliver Ekman-Larsson.
18:22 of 3rd period - Stopped by Alexandar Georgiev without a rebound.
18:23 of 3rd period - Ryan Strome wins face-off versus Kyle Connor in Avalanche zone.
18:30 of 3rd period - Shot by Casey Cizikas.
18:30 of 3rd period - Stopped by Jonathan Bernier without a rebound.
18:31 of 3rd period - Evgeny Kuznetsov wins face-off versus Ryan Strome in Predators zone.
18:41 of 3rd period - Mathieu Perreault is hit by Shayne Gostisbehere.
18:59 of 3rd period - Shot by Andreas Athanasiou.
18:59 of 3rd period - Stopped by Jonathan Bernier without a rebound.
19:00 of 3rd period - Brad Richardson wins face-off versus J.T. Miller in Predators zone.
19:25 of 3rd period - Shot by J.T. Miller.
19:25 of 3rd period - Stopped by Alexandar Georgiev without a rebound.
19:26 of 3rd period - J.T. Compher wins face-off versus Ryan Strome in Avalanche zone.
19:27 of 3rd period - Shot by Roman Josi.
19:27 of 3rd period - Shot Misses the Net.
19:32 of 3rd period - Minor Penalty to Lias Andersson for Hooking.
19:33 of 3rd period - J.T. Compher wins face-off versus Dylan Strome in Predators zone.
Goals for this period are 4 for Predators vs 1 for Avalanche.
Shots for this period are 12 for Predators vs 18 for Avalanche.